 Dungeon Crawl Stone Soup version 0.29-a0-920-g5d2155ec51 (webtiles) character file.

Game seed: 13088708349586907451

41 Ajdolov the Digger (level 3, -10/26 HPs)
             Began as a Ghoul Earth Elementalist on July 27, 2022.
             Mangled by Terence
             ... wielding a +0 flail
              (12 damage)
             ... on level 2 of the Dungeon.
             The game lasted 00:01:58 (1653 turns).

Ajdolov the Digger (Ghoul Earth Elementalist)       Turns: 1653, Time: 00:01:58

Health: -10/26     AC:  2    Str: 11    XL:     3   Next: 52%
Magic:  0/4        EV: 12    Int: 12    God:
Gold:   59         SH:  0    Dex:  9    Spells: 4/5 levels left

rFire   . . .      SeeInvis .   f - +0 spear
rCold   + . .      Faith    .   (no shield)
rNeg    + + +      Spirit   .   a - +0 robe
rPois   ∞          Reflect  .   (no helmet)
rElec   .          Harm     .   (no cloak)
rCorr   .          Rampage  .   (no gloves)
Will    .....                   (no boots)
Stlth   ++........              (no amulet)
HPRegen 0.00/turn               (no ring)
MPRegen 0.09/turn               (no ring)

@: inhibited regen
A: claws 1, cold resistance 1, negative energy resistance 3, inhibited
regeneration, torment resistance 2, devour on kill
a: no special abilities


You were on level 2 of the Dungeon.
You visited 1 branch of the dungeon, and saw 2 of its levels.

You collected 59 gold pieces.

Inventory:

Hand Weapons
 f - a +0 spear (weapon)
Armour
 a - a +0 robe (worn)
Jewellery
 h - a ring of resist corrosion
Scrolls
 d - a scroll of vulnerability {unknown}
 e - 2 scrolls of identify {unknown}
 g - a scroll of enchant armour {unknown}
 i - a scroll of enchant weapon {unknown}
Potions
 b - a potion of magic
 c - a potion of cancellation {unknown}


   Skills:
 - Level 1.7 Dodging
 - Level 2.1 Stealth
 + Level 1.9 Spellcasting
 - Level 0.8 Transmutations
 * Level 4.8 Earth Magic


You had 4 spell levels left.
You knew the following spells:

 Your Spells              Type           Power      Damage    Failure   Level
a - Sandblast             Erth           24%        2d8       3%          1

Your spell library contained the following spells:

 Spells                   Type           Power      Damage    Failure   Level
 Passwall                 Tmut/Erth      5%         N/A       13%         2
 Foxfire                  Conj/Fire      4%         2x1d4     28%         1
 Stone Arrow              Conj/Erth      12%        3d7       30%         3
 Conjure Flame            Conj/Fire      1%         6-21      63%         3
 Inner Flame              Hex/Fire       1%         N/A       63%         3
 Petrify                  Tmut/Erth      7%         N/A       65%         4
 Flame Wave               Conj/Fire      1%         2d4       95%         4


Dungeon Overview and Level Annotations

Branches:
Dungeon (2/15)

Altars:

Annotations:
D:2 Terence


Innate Abilities, Weirdness & Mutations

You are immune to poison.
You have sharp fingernails.
Your flesh is cold resistant. (rC+)
You are immune to negative energy. (rN+++)
You do not regenerate when monsters are visible.
You are immune to unholy pain and torment.
You thrive by killing the living.


Message History

The blast of sand hits Terence!
Terence is moderately wounded.
A kobold comes into view. It is wielding a +0 whip.
Terence misses you. Terence closely misses you.
Terence attacks as you move away! Terence closely misses you.
Terence closely misses you.
You hit Terence but do no damage.
Terence is moderately wounded.
Terence closely misses you.
You barely miss Terence.
Terence is moderately wounded.
Terence closely misses you.
Aiming: Sandblast (safe; 3% risk of failure)
Press: ? - help, Q - select action Shift-Dir - straight line, f/p - Terence
Aim: Terence, wielding a +0 flail and wearing a +0 scale mail (moderately wounded, 84% to hit)
The blast of sand misses Terence.
The blast of sand hits the kobold!
You kill the kobold!
Terence hits you with a +0 flail. x2
Aiming: Sandblast (safe; 3% risk of failure)
Press: ? - help, Q - select action Shift-Dir - straight line, f/p - Terence
Aim: Terence, wielding a +0 flail and wearing a +0 scale mail (moderately wounded, 84% to hit)
The blast of sand hits Terence but does no damage.
Terence is moderately wounded.
Terence hits you with a +0 flail. Terence hits you with a +0 flail!
* * * LOW HITPOINT WARNING * * *
Aiming: Sandblast (safe; 3% risk of failure)
Press: ? - help, Q - select action Shift-Dir - straight line, f/p - Terence
Aim: Terence, wielding a +0 flail and wearing a +0 scale mail (moderately wounded, 84% to hit)
The blast of sand hits Terence but does no damage.
Terence is moderately wounded.
Terence closely misses you. Terence barely misses you.
Okay, then.
You barely miss Terence.
Terence is moderately wounded.
Terence hits you with a +0 flail.
* * * LOW HITPOINT WARNING * * *
You barely miss Terence.
Terence is moderately wounded.
Terence hits you with a +0 flail!
You die...

. ... ##. ###.. ...
######## ...# #.#
#..@@.)#####
#..#####.####.####.#...
#..##...).....####.#.#####.
#..##.##.###..)....K.......
#..#......##.#.#...#.##.##.
##....###...........#.#
....#.#:#..##.#.#...#..
###.#.###..##.....######
###.#......#####.##


You could see Terence.

Vanquished Creatures
  An adder (D:2)
  2 ball pythons (D:1)
  5 endoplasms
  A giant cockroach (D:1)
  3 goblins
  3 hobgoblins (D:1)
  3 jackals (D:1)
  A quokka (D:1)
  4 bats (D:1)
  A frilled lizard (D:2)
  3 kobolds
  A rat (D:1)
28 creatures vanquished.

Notes
Turn   | Place    | Note
-------+----------+-------------------------------------------
     0 | D:1      | Ajdolov the Ghoul Earth Elementalist began the quest for
                  | the Orb.
     0 | D:1      | Reached XP level 1. HP: 14/14 MP: 2/2
   180 | D:1      | Reached XP level 2. HP: 20/20 MP: 0/3
   219 | D:1      | Reached skill level 4 in Earth Magic
   726 | D:1      | Noticed a golden eye
   727 | D:1      | Found a faded altar of an unknown god.
   728 | D:1      | Noticed an eye of devastation
   728 | D:1      | Noticed an eye of devastation
   728 | D:1      | Noticed an eye of devastation
   872 | D:1      | Reached XP level 3. HP: 25/26 MP: 1/4
  1637 | D:2      | Noticed Terence
  1653 | D:2      | Mangled by Terence

Illustrated notes

Levels and vault maps discovered:
D:1:      saegor_arrival_simple_e, layout_basic,
          hellmonk_ecumenical_altar_watching_god
D:2:      layout_loops_cross, serial_glass, glass_columns_a, glass_columns_a,
          glass_columns_c, due_unseen_surprise, item_on_display_b,
          feat_on_display, serial_shops, nicolae_shop_bloodbath_and_beyond,
          uniq_terence

Skill      XL: |  1  2 |
---------------+-------+-----
Earth Magic    | 4 |  4.8
Dodging        | |  1.7
Stealth        | |  2.1
Spellcasting   | |  1.9
Transmutations | |  0.8

Action                   || total
-------------------------++-------
Melee: Dagger            ||    22
       Spear             ||     6
 Cast: Sandblast         ||    38
Armor: Robe              ||    13
Dodge: Dodged            ||    41

Table legend: (Time is in decaauts)
 A = Elapsed time spent in this place.
 B = Non-inter-level travel time spent in this place.
 C = Inter-level travel time spent in this place.
 D = Time resting spent in this place.
 E = Time spent auto-exploring this place.
 F = Levels seen in this place.
 G = Mean time per level.
                   A        B        C        D        E       F      G
               +--------+--------+--------+--------+--------+-----+--------+
         Total |   1690 |   1672 |     18 |    230 |   1195 |   2 |  845.0 |
       Dungeon |   1690 |   1672 |     18 |    230 |   1195 |   2 |  845.0 |
               +--------+--------+--------+--------+--------+-----+--------+

Top non-repeatable levels by time:
     D:1: 1528 daAuts
     D:2: 162 daAuts
